 Dungeon Crawl Stone Soup version 0.32-a0-818-gb728d0252e (webtiles) character file.

Game seed: 10326918186909324165

123 smashvw the Poker (level 4, 0/42 HPs)
             Began as a Minotaur Monk on Mar 24, 2024.
             Slain by a gnoll
             ... wielding a +0 spear
              (3 damage)
             ... on level 3 of the Dungeon.
             The game lasted 00:05:19 (2260 turns).

smashvw the Poker (Minotaur Monk)                   Turns: 2260, Time: 00:05:20

Health: 0/42       AC:  5    Str: 21    XL:     4   Next: 79%
Magic:  3/3        EV: 10    Int:  6    God:
Gold:   209        SH:  0    Dex: 12    Spells: 3/3 levels left

rFire   . . .        a - +0 spear
rCold   . . .        d - orb {light}
rNeg    . . .        e - +0 ring mail
rPois   .            (helmet unavailable)
rElec   .            (no cloak)
rCorr   .            (no gloves)
SInv    .            (no boots)
Will    .....        (no amulet)
Stlth   +            (no ring)
HPRegen 0.27/turn    (no ring)
MPRegen 0.08/turn

%: no passive effects
@: about to teleport, glowing
A: horns 3, retaliatory headbutt, strong 1, wild magic 1
a: no special abilities


You were on level 3 of the Dungeon.
You visited 1 branch of the dungeon, and saw 3 of its levels.

You collected 209 gold pieces.

Inventory:

Hand Weapons
 a - a +0 spear (weapon)
Missiles
 m - 4 javelins (quivered)
 o - a boomerang
Armour
 d - an orb of light (worn)
 e - a +0 ring mail (worn)
Scrolls
 g - a scroll of teleportation
 h - 2 scrolls of identify
 n - a scroll of torment {unknown}
Potions
 b - 2 potions of mutation
 c - a potion of ambrosia
 f - a potion of cancellation {unknown}
 i - a potion of attraction {unknown}
 j - a potion of curing
 k - a potion of heal wounds {unknown}
 l - a potion of might {unknown}
 p - 2 potions of degeneration {unknown}


   Skills:
 + Level 5.3 Fighting
 + Level 5.4 Polearms
 - Level 3.2 Dodging


You had 3 spell levels left.
You didn't know any spells.
Your spell library contained the following spells:

 Spells                   Type           Power      Damage    Failure   Level
 Frozen Ramparts          Ice            0%         1d1       96%         3
 Ozocubu's Armour         Ice            0%         N/A       96%         3
 Metabolic Englaciation   Hex/Ice        0%         N/A       100%        5


Dungeon Overview and Level Annotations

Branches:
Dungeon (3/15)

Altars:

Shops:
D:2 *

Annotations:
D:1 1 runed translucent door
D:3 Grinder, Sigmund


Innate Abilities, Weirdness & Mutations

You have a pair of large horns on your head.
You reflexively headbutt those who attack you in melee.
Your muscles are strong. (Str +4, Int/Dex -1)
Your spells are a little harder to cast, but a little more powerful.


Message History

It was a potion of curing.
You feel better.
Grinder blinks!
You reach to attack!
You hit Sigmund.
Sigmund is heavily wounded.
Sigmund hits you but does no damage.
You reach to attack!
You barely miss Sigmund.
Sigmund is heavily wounded.
You reach to attack!
You hit Sigmund.
Sigmund is almost dead.
Sigmund says, "Don't worry, I'll kill you fast."
Sigmund hits you from afar with a +0 scythe!
You reach to attack!
You hit Sigmund but do no damage.
Sigmund is almost dead.
You reach to attack!
You barely miss Sigmund.
Sigmund is almost dead.
Sigmund hits you but does no damage.
You reach to attack!
You hit Sigmund but do no damage.
Sigmund is almost dead.
Sigmund barely misses you.
You hit the orc but do no damage. The orc closely misses you.
Grinder blinks!
You hit the orc but do no damage. The orc hits you but does no damage.
Sigmund hits you from afar with a +0 scythe.
You hit the orc but do no damage. The orc barely misses you.
You furiously retaliate!
You headbutt the orc!
You kill the orc!
You reach to attack!
You hit Sigmund.
Sigmund is almost dead.
Sigmund hits you from afar with a +0 scythe.
The gnoll hits you from afar with a +0 spear!
As you read the scroll labelled POHOPN KEMI GET, it crumbles to dust.
It is a scroll of identify.
g - 2 scrolls of teleportation The gnoll barely misses you.
As you read the scroll of teleportation, it crumbles to dust.
You feel strangely unstable.
Sigmund hits you from afar with a +0 scythe.
* * * LOW HITPOINT WARNING * * *
The gnoll hits you from afar with a +0 spear!
* * * LOW HITPOINT WARNING * * *
The gnoll hits you with a +0 spear.
You die...

#.#.# .. ..... .. ... #...
....g #.######..#......
#.....##..#.#...#
####...[.##..#.#...####.
...........................
..........g5..............
........##@####....###...
##.#....##..@.{o.......#
#....#######o.......#
#....# #........# ###<##
#..(g....#### #.#
#o@#g...))... #.#
#...g...)#### #.#
#..#<..).# ... #..#.....#


You could see Grinder, Sigmund, a gnoll and 2 orcs.

Vanquished Creatures
  An orc wizard (D:3)
  A gnoll (D:2)
  An adder (D:2)
  A ribbon worm (D:3)
  4 orcs (D:3)
  6 ball pythons
  5 bats (D:1)
  5 endoplasms
  2 giant cockroaches
  14 goblins
  10 hobgoblins
  5 jackals
  A kobold (D:1)
  A quokka (D:1)
  4 frilled lizards
  A rat (D:1)
62 creatures vanquished.

Notes
Turn   | Place    | Note
-------+----------+-------------------------------------------
     0 | D:1      | smashvw the Minotaur Monk began the quest for the Orb.
     0 | D:1      | Reached XP level 1. HP: 19/19 MP: 0/0
     0 | D:1      | Noticed a jelly
     0 | D:1      | Noticed a jelly
     1 | D:1      | Found a runed translucent door.
   195 | D:1      | Reached XP level 2. HP: 27/27 MP: 1/1
   546 | D:1      | Reached XP level 3. HP: 34/34 MP: 2/2
  1150 | D:2      | Found Tiaroi's General Store.
  1482 | D:2      | Reached XP level 4. HP: 9/40 MP: 3/3
  1487 | D:2      | Reached skill level 5 in Polearms
  1510 | D:2      | Reached skill level 5 in Fighting
  2042 | D:3      | Noticed Sigmund
  2241 | D:3      | Gained mutation: You have a pair of large horns on your
                  | head. [potion of mutation]
  2241 | D:3      | Gained mutation: Your spells are a little harder to cast,
                  | but a little more powerful. [potion of mutation]
  2241 | D:3      | Gained mutation: Your muscles are strong. (Str +4, Int/Dex
                  | -1) [potion of mutation]
  2244 | D:3      | Noticed Grinder
  2260 | D:3      | Slain by a gnoll

Illustrated notes

Levels and vault maps discovered:
D:1:      dpeg_arrival_caged_fury, layout_basic
D:2:      cheibrodos_greedy_goblins, layout_basic, serial_shops,
          nicolae_shop_real_fake_doors, nrook_mini_backslash
D:3:      layout_basic, st_stairs_14, chequers_serial_rivers_large_b,
          uniq_grinder, uniq_ijyb, uniq_crazy_yiuf_cottage, uniq_sigmund

Skill      XL: |  1  2  3  4 |
---------------+-------------+-----
Fighting       | 4 5 |  5.3
Polearms       | 4 5 |  5.4
Dodging        | |  3.2

Action                     |  1- 3 |  4- 6 || total
---------------------------+-------+-------++-------
  Melee: Spear             |    84 |    62 ||   146
         Headbutt          |    10 |     7 ||    17
    Use: Scroll            |       |     2 ||     2
         Potion            |       |     2 ||     2
 Armour: Ring mail         |    27 |    46 ||    73
  Dodge: Dodged            |    30 |    27 ||    57

Table legend: (Time is in decaauts)
 A = Elapsed time spent in this place.
 B = Non-inter-level travel time spent in this place.
 C = Inter-level travel time spent in this place.
 D = Time resting spent in this place.
 E = Time spent auto-exploring this place.
 F = Levels seen in this place.
 G = Mean time per level.
                   A        B        C        D        E       F      G
               +--------+--------+--------+--------+--------+-----+--------+
         Total |   2239 |   2163 |     76 |    257 |   1604 |   3 |  746.3 |
       Dungeon |   2239 |   2163 |     76 |    257 |   1604 |   3 |  746.3 |
               +--------+--------+--------+--------+--------+-----+--------+

Top non-repeatable levels by time:
     D:2: 1081 daAuts
     D:1: 925 daAuts
     D:3: 232 daAuts
